 Dungeon Crawl Stone Soup version 0.21-a0-538-gd16b88a (webtiles) character file.

198 Lasiace the Cudgeler (level 5, -2/47 HPs)
             Began as a Gnoll Chaos Knight on Dec 15, 2017.
             Slain by an orc
             ... wielding a +0 trident
              (6 damage)
             ... on level 4 of the Dungeon.
             The game lasted 00:12:26 (2394 turns).

Lasiace the Cudgeler (Gnoll Chaos Knight)           Turns: 2394, Time: 00:12:26

Health: -2/47      AC:  8    Str: 15    XL:     5   Next: 76%
Magic:  7/7        EV: 13    Int: 14    God:    Xom [..*...]
Gold:   164        SH:  0    Dex: 15    Spells: 7/7 levels left

rFire    . . .     SeeInvis .   a - +0 mace (chaos)
rCold    . . .     Gourm    .   (no shield)
rNeg     . . .     Faith    .   d - +3 leather armour
rPois    .         Spirit   .   (helmet restricted)
rElec    .         Reflect  .   (no cloak)
rCorr    .         Harm     .   (no gloves)
MR       +....                  (no boots)
Stlth    ++........             I - amulet of inaccuracy
HPRegen  0.15/turn              (no ring)
MPRegen  0.10/turn              (no ring)

@: lethally poisoned (-2 -> -3)
A: distributed training, antennae 1, fangs 1, yellow scales 1, magic resistance
1, wild magic 1, strong nose
a: Renounce Religion


You were on level 4 of the Dungeon.
You worshipped Xom.
You were a toy of Xom.
You were hungry.

You visited 1 branch of the dungeon, and saw 4 of its levels.

You collected 164 gold pieces.

Inventory:

Hand Weapons
 a - a +0 mace of chaos (weapon)
 b - a +0 hunting sling
Missiles
 k - 123 stones (quivered) {@Q0}
Armour
 d - a +3 leather armour (worn)
Magical Staves
 l - an uncursed staff of wizardry
Jewellery
 I - an amulet of inaccuracy (around neck)
Scrolls
 h - a scroll of amnesia
 i - 2 scrolls of blinking {@r5}
 D - a scroll of enchant armour
Potions
 g - 2 potions of heal wounds {unknown}
 j - 2 potions of invisibility
 m - a potion of resistance
 o - a potion of flight {unknown}
Comestibles
 c - 3 bread rations
 f - 5 fruits
 n - 3 meat rations


   Skills:
 + Level 6.7 Fighting
 + Level 1.6 Short Blades
 + Level 1.6 Long Blades
 + Level 1.6 Axes
 + Level 6.7 Maces & Flails
 + Level 1.6 Polearms
 + Level 1.6 Staves
 + Level 1.6 Slings
 + Level 1.6 Bows
 + Level 1.6 Crossbows
 + Level 1.6 Throwing
 + Level 4.8 Armour
 + Level 3.0 Dodging
 + Level 1.6 Stealth
 + Level 1.6 Shields
 + Level 1.6 Unarmed Combat
 + Level 1.6 Spellcasting
 + Level 1.2 Conjurations
 + Level 1.2 Hexes
 + Level 1.2 Charms
 + Level 1.2 Summonings
 + Level 1.2 Necromancy
 + Level 1.2 Translocations
 + Level 1.2 Transmutations
 + Level 1.2 Fire Magic
 + Level 1.2 Ice Magic
 + Level 1.2 Air Magic
 + Level 1.2 Earth Magic
 + Level 1.2 Poison Magic
 + Level 1.8 Invocations
 + Level 1.6 Evocations


You had 7 spell levels left.
You didn't know any spells.

Dungeon Overview and Level Annotations

Branches:
Dungeon (4/15)
 Temple: D:4-7

Altars:
Dithmenos

Annotations:
D:3 Grinder


Innate Abilities, Weirdness & Mutations

Your experience applies equally to all skills.
You have very sharp teeth.
Your uncanny sense of smell can sniff out nearby items.
You have a pair of small antennae on your head.
You are partially covered in yellow scales. (AC +2)
You are resistant to hostile enchantments. (MR+)
Your spells are a little harder to cast, but a little more powerful.


Message History

Something hits you.
* * * LOW HITPOINT WARNING * * *
The orc completely misses you. The orc hits you but does no damage.
The quokka bites you but does no damage.
The hound skeleton completely misses you.
You closely miss the orc. You bite the orc, but do no damage.
The orc is heavily wounded.
Something hits you.
* * * LOW HITPOINT WARNING * * *
The orc closely misses you. The hound skeleton barely misses you.
The quokka misses you. The orc hits you with a war axe.
* * * LOW HITPOINT WARNING * * *
Unknown command.
You barely miss the orc.
The orc is severely wounded.
You kill the orc!
Something hits you but does no damage. The hound skeleton closely misses you.
The quokka closely misses you.
The orc hits you from afar with a trident.
You die...

#........#
...##..#########
##.##..##..#....
#...............
#...............
#...o...........
#...............
#####.o##+####..##.
##{@##..# #..##.
#.rZo...# ....#..
#...o...# .....+..
#...%...# ... ..
#.......# #.......#
######..# ####


You could see 2 orcs, a quokka and a hound skeleton.

Vanquished Creatures
  A hound (D:1)
  An orc wizard (D:3)
  A worker ant (D:4)
  3 adders
  An ooze (D:2)
  3 worms
  3 dart slugs
  3 leopard geckos
  3 orcs
  15 bats
  3 giant cockroaches
  2 goblins (D:1)
  4 hobgoblins
  A jackal (D:1)
  A quokka (D:2)
  3 ball pythons
  2 frilled lizards (D:1)
  12 kobolds
  7 rats
69 creatures vanquished.

Notes
Turn   | Place    | Note
-------+----------+-------------------------------------------
     0 | D:1      | Lasiace the Gnoll Chaos Knight began the quest for the Orb.
     0 | D:1      | Reached XP level 1. HP: 23/23 MP: 1/1
    62 | D:1      | XOM: harmless Hex miscast
    80 | D:1      | Reached XP level 2. HP: 29/29 MP: 2/2
   177 | D:1      | XOM: harmless Erth miscast
   443 | D:1      | Reached XP level 3. HP: 35/35 MP: 3/3
   494 | D:1      | XOM: polymorph dart slug -> hound
   496 | D:1      | Reached skill level 1 in Short Blades
   496 | D:1      | Reached skill level 1 in Long Blades
   496 | D:1      | Reached skill level 1 in Axes
   496 | D:1      | Reached skill level 1 in Polearms
   496 | D:1      | Reached skill level 1 in Staves
   496 | D:1      | Reached skill level 1 in Slings
   496 | D:1      | Reached skill level 1 in Bows
   496 | D:1      | Reached skill level 1 in Crossbows
   496 | D:1      | Reached skill level 1 in Throwing
   496 | D:1      | Reached skill level 1 in Stealth
   496 | D:1      | Reached skill level 1 in Shields
   496 | D:1      | Reached skill level 1 in Unarmed Combat
   496 | D:1      | Reached skill level 1 in Spellcasting
   496 | D:1      | Reached skill level 1 in Invocations
   496 | D:1      | Reached skill level 1 in Evocations
   561 | D:1      | Reached XP level 4. HP: 41/41 MP: 5/5
  1427 | D:2      | XOM: 1-stop teleportation journey
  1461 | D:2      | Reached skill level 1 in Conjurations
  1461 | D:2      | Reached skill level 1 in Hexes
  1461 | D:2      | Reached skill level 1 in Charms
  1461 | D:2      | Reached skill level 1 in Summonings
  1461 | D:2      | Reached skill level 1 in Necromancy
  1461 | D:2      | Reached skill level 1 in Translocations
  1461 | D:2      | Reached skill level 1 in Transmutations
  1461 | D:2      | Reached skill level 1 in Fire Magic
  1461 | D:2      | Reached skill level 1 in Ice Magic
  1461 | D:2      | Reached skill level 1 in Air Magic
  1461 | D:2      | Reached skill level 1 in Earth Magic
  1461 | D:2      | Reached skill level 1 in Poison Magic
  1631 | D:2      | XOM: fake destruction
  1659 | D:2      | Found a shadowy altar of Dithmenos.
  1659 | D:2      | XOM is BORED!
  1659 | D:2      | XOM: medium Air miscast
  1704 | D:3      | XOM: noise
  1719 | D:3      | XOM: give mutations
  1719 | D:3      | Gained mutation: You have a pair of small antennae on your head. [Xom's grace]
  1719 | D:3      | Gained mutation: You are partially covered in yellow scales. (AC +2) [Xom's grace]
  1719 | D:3      | Gained mutation: Your spells are a little harder to cast, but a little more powerful. [Xom's grace]
  1719 | D:3      | Gained mutation: You are resistant to hostile enchantments. (MR+) [Xom's grace]
  1720 | D:3      | XOM: mild Necr miscast
  1751 | D:3      | Reached XP level 5. HP: 15/47 MP: 5/7
  1929 | D:3      | Noticed Grinder
  1937 | D:3      | XOM: cast spell 'Summon Butterflies'
  1940 | D:3      | Noticed Grinder
  1940 | D:3      | Grinder changed into Grinder the chaos spawn
  1940 | D:3      | XOM: polymorph Grinder -> Grinder the chaos spawn
  1949 | D:3      | XOM: divination: detect items
  1958 | D:3      | Xom revived you
  1986 | D:3      | XOM: confuse monster(s)
  1989 | D:3      | XOM: harmless Necr miscast
  2015 | D:4      | XOM: potion effect (berserk rage)
  2394 | D:4      | Slain by an orc

Vault maps used:
D:1:      evilmike_arrival_crescent, minmay_misc_feat_tower,
          minmay_close_crescents
D:2:      lemuel_coloured_pillars_altar, first_bread
D:3:      uniq_crazy_yiuf_cottage, uniq_grinder, uniq_sigmund
D:4:      grunt_decor_arrowhead

Skill      XL: |  1  2  3  4  5 |
---------------+----------------+-----
Short Blades   | 1 |  1.6
Long Blades    | 1 |  1.6
Axes           | 1 |  1.6
Polearms       | 1 |  1.6
Staves         | 1 |  1.6
Slings         | 1 |  1.6
Bows           | 1 |  1.6
Crossbows      | 1 |  1.6
Throwing       | 1 |  1.6
Stealth        | 1 |  1.6
Shields        | 1 |  1.6
Unarmed Combat | 1 |  1.6
Spellcasting   | 1 |  1.6
Invocations    | 1 |  1.8
Evocations     | 1 |  1.6
Conjurations   | 1 |  1.2
Hexes          | 1 |  1.2
Charms         | 1 |  1.2
Summonings     | 1 |  1.2
Necromancy     | 1 |  1.2
Translocations | 1 |  1.2
Transmutations | 1 |  1.2
Fire Magic     | 1 |  1.2
Ice Magic      | 1 |  1.2
Air Magic      | 1 |  1.2
Earth Magic    | 1 |  1.2
Poison Magic   | 1 |  1.2
Dodging        | 3 |  3.0
Fighting       | |  6.7
Maces & Flails | |  6.7
Armour         | |  4.8

Action                   |  1- 3 |  4- 6 || total
-------------------------+-------+-------++-------
Melee: Mace              |    58 |   130 ||   188
       Bite              |     4 |    14 ||    18
       Staff             |       |    13 ||    13
       Punch             |       |     1 ||     1
 Fire: Hunting sling     |       |    20 ||    20
Throw: Stone             |       |     3 ||     3
  Use: Scroll            |       |     9 ||     9
 Stab: Sleeping          |     2 |     1 ||     3
       Petrified         |       |     5 ||     5
       Paralysed         |       |     1 ||     1
       Confused          |       |     1 ||     1
  Eat: Chunk             |       |     4 ||     4
Armor: Leather armour    |    18 |    87 ||   105
Dodge: Dodged            |    49 |   177 ||   226

Table legend:
 A = Spawn XP
 B = Non-spawn XP
 C = Spawn XP percentage of total XP
 D = Spawn monster count
 E = Non-spawn monster count
 F = Spawn count percentage of total count
 G = Total turns spent on level
                    A         B        C        D         E        F      G
               +---------+---------+-------+---------+---------+-------+---------
         Total |       0 |     283 |   0.0 |       0 |      69 |   0.0 |  2394
               +---------+---------+-------+---------+---------+-------+---------
           D:1 |       0 |      86 |   0.0 |       0 |      28 |   0.0 |   994
           D:2 |       0 |      58 |   0.0 |       0 |      23 |   0.0 |   710
           D:3 |       0 |      73 |   0.0 |       0 |      13 |   0.0 |   383
           D:4 |       0 |      66 |   0.0 |       0 |       5 |   0.0 |   307
               +---------+---------+-------+---------+---------+-------+---------
